 Dungeon Crawl Stone Soup version 0.21-a0-444-g29a2fec (webtiles) character file.

53 slep the Slasher (level 3, -1/33 HPs)
             Began as a Minotaur Monk on Nov 18, 2017.
             Slain by a gnoll
             ... wielding a +0 halberd
              (9 damage)
             ... on level 2 of the Dungeon.
             The game lasted 00:05:40 (915 turns).

slep the Slasher (Minotaur Monk)                     Turns: 915, Time: 00:05:41

Health: -1/33      AC:  7    Str: 15    XL:     3   Next: 62%
Magic:  2/2        EV:  7    Int:  7    God:
Gold:   9          SH:  3    Dex: 13    Spells: 2/2 levels left

rFire    . . .     SeeInvis .   f - +2 whip (venom)
rCold    . . .     Gourm    .   j - +0 buckler
rNeg     . . .     Faith    .   e - -2 chain mail (curse)
rPois    .         Spirit   .   (helmet restricted)
rElec    .         Reflect  .   (no cloak)
rCorr    .         Harm     .   i - +0 pair of gloves
MR       .....                  (no boots)
Stlth    ..........             (no amulet)
HPRegen  0.11/turn              (no ring)
MPRegen  0.08/turn              (no ring)

@: no status effects
A: retaliatory headbutt, horns 2
a: no special abilities


You were on level 2 of the Dungeon.
You were not hungry.

You visited 1 branch of the dungeon, and saw 2 of its levels.

You collected 9 gold pieces.

Inventory:

Hand Weapons
 a - a +0 falchion
 f - a +2 whip of venom (weapon)
Armour
 b - a +0 robe
 e - a cursed -2 chain mail (worn)
 g - a cursed +0 robe
 i - a +0 pair of gloves (worn)
 j - a +0 buckler (worn)
Scrolls
 d - a scroll of recharging {unknown}
 h - a scroll of teleportation {unknown}
Comestibles
 c - 2 bread rations
 k - 2 chunks of flesh


   Skills:
 + Level 4.2 Fighting
 + Level 4.3 Long Blades
 + Level 0.2 Maces & Flails
 + Level 1.3 Armour
 + Level 3.6 Dodging
 + Level 1.7 Stealth


You had 2 spell levels left.
You didn't know any spells.

Dungeon Overview and Level Annotations

Branches:
Dungeon (2/15)

Altars:


Innate Abilities, Weirdness & Mutations

You reflexively headbutt those who attack you in melee.
You have a pair of horns on your head.


Message History

You closely miss the gnoll. You headbutt the gnoll.
The gnoll is severely wounded.
The gnoll hits you from afar with a halberd!
You block the gnoll's attack.
You hit the gnoll.
The gnoll looks as sick as possible!
The gnoll is severely wounded.
You kill the gnoll!
The gnoll barely misses you. x2
You hit the gnoll but do no damage. The gnoll hits you but does no damage.
You barely miss the gnoll. Your headbutt misses the gnoll.
You block the gnoll's attack.
You whack the gnoll! You headbutt the gnoll.
The gnoll is severely wounded.
The gnoll hits you but does no damage. The gnoll hits you with a flail.
* * * LOW HITPOINT WARNING * * *
You hit the gnoll.
You kill the gnoll!
Your Armour skill increases to level 1!
The gnoll hits you from afar with a halberd!
You die...

####### #.
######...... ###.
#......##### ...#
#.######## ...##
#......... ...#
#..#######
gg#####....###
#)##.........#
#@##.###.#.#.#####
#........#........
#........#.#####..
#........#.# #[†
#..........#####..
#.................
#......^#....>...#
#....$..#.........
####.####...##....


You could see 2 gnolls.

Vanquished Creatures
  2 gnolls (D:2)
  9 bats
  5 giant cockroaches
  2 goblins (D:1)
  A hobgoblin (D:1)
  3 jackals (D:2)
  2 kobolds (D:1)
  2 frilled lizards
  5 rats
31 creatures vanquished.

Notes
Turn   | Place    | Note
-------+----------+-------------------------------------------
     0 | D:1      | slep the Minotaur Monk began the quest for the Orb.
     0 | D:1      | Reached XP level 1. HP: 19/19 MP: 0/0
   231 | D:1      | Reached XP level 2. HP: 27/27 MP: 1/1
   854 | D:2      | Reached XP level 3. HP: 33/33 MP: 2/2
   915 | D:2      | Reached skill level 1 in Armour
   915 | D:2      | Slain by a gnoll

Vault maps used:
D:1:      dpeg_arrival_rooms_b, feat_on_display
D:2:      grunt_temple_overflow_growth_and_decay, moated_statue,
          grunt_gozag_statues

Skill      XL: |  1  2  3 |
---------------+----------+-----
Fighting       | 4 |  4.2
Long Blades    | 4 |  4.3
Armour         | 1 |  1.3
Maces & Flails | |  0.2
Dodging        | |  3.6
Stealth        | |  1.7

Action                   || total
-------------------------++-------
Melee: Falchion          ||    16
       Headbutt          ||     8
       Whip              ||    42
 Stab: Sleeping          ||     1
Armor: Robe              ||     2
       Chain mail        ||    39
Dodge: Dodged            ||    29
Block: Buckler           ||     7
       Rpst.: Falchion   ||     2

Table legend:
 A = Spawn XP
 B = Non-spawn XP
 C = Spawn XP percentage of total XP
 D = Spawn monster count
 E = Non-spawn monster count
 F = Spawn count percentage of total count
 G = Total turns spent on level
                    A         B        C        D         E        F      G
               +---------+---------+-------+---------+---------+-------+---------
         Total |       0 |      76 |   0.0 |       0 |      31 |   0.0 |   915
               +---------+---------+-------+---------+---------+-------+---------
           D:1 |       0 |      35 |   0.0 |       0 |      21 |   0.0 |   816
           D:2 |       0 |      41 |   0.0 |       0 |      10 |   0.0 |    99
               +---------+---------+-------+---------+---------+-------+---------
